 Dungeon Crawl Stone Soup version 0.23-a0-767-gdc19b93d68 (webtiles) character file.

3531 Flugkiller the Basher (level 10, -1/96 HPs)
             Began as a Naga Hunter on Jan 23, 2019.
             Was an Initiate of Gozag.
             Slain by an orc warrior
             ... wielding a +2 trident of freezing
              (16 damage)
             ... on level 7 of the Dungeon.
             The game lasted 00:12:04 (7885 turns).

Flugkiller the Basher (Naga Hunter)                 Turns: 7885, Time: 00:12:05

Health: -1/96      AC: 10    Str: 17    XL:     10   Next: 8%
Magic:  10/10      EV: 14    Int: 12    God:    Gozag
Gold:   1118       SH:  5    Dex: 19    Spells: 9/9 levels left

rFire    . . .     SeeInvis +   b - +2 flail (drain)
rCold    + . .     Gourm    .   n - +0 buckler
rNeg     . . .     Faith    .   s - +1 ring mail of Analysis {rC+ Dex+2}
rPois    +         Spirit   .   x - +0 helmet
rElec    .         Reflect  .   (no cloak)
rCorr    .         Harm     .   g - +2 pair of gloves
MR       ++...                  (no barding)
Stlth    ++++......             h - amulet of rage
HPRegen  0.26/turn              u - ring of protection from magic
MPRegen  0.12/turn              (no ring)

@: agile, short of breath, drained, very slow
A: large, see invisible, deformed body, poison resistance, slowness 2, slow
metabolism 1, spit poison 1, AC +3
a: Spit Poison, Potion Petition, Call Merchant, Bribe Branch, Renounce Religion,
Evoke Berserk Rage


You were on level 7 of the Dungeon.
You worshipped Gozag.
Gozag was most pleased with you.
You were not hungry.

You visited 1 branch of the dungeon, and saw 7 of its levels.

You collected 1136 gold pieces.
You paid 18 gold pieces to Gozag.

Inventory:

Hand Weapons
 a - a +1 hand crossbow
 b - a +2 flail of draining (weapon)
   (You took it off Edmund on level 6 of the Dungeon)
 z - a +0 whip of electrocution
   (You took it off a kobold on level 2 of the Dungeon)
Missiles
 d - 35 bolts
Armour
 c - a +0 leather armour
 g - a +2 pair of gloves (worn)
   (You found it on level 2 of the Dungeon)
 n - a +0 buckler (worn)
   (You found it on level 4 of the Dungeon)
 s - the +1 ring mail of Analysis (worn) {rC+ Dex+2}
   (You found it on level 4 of the Dungeon)

   It affects your dexterity (+2).
   It protects you from cold.
 x - a +0 helmet (worn)
   (You found it on level 5 of the Dungeon)
Jewellery
 h - an amulet of rage (around neck)
   (You found it on level 3 of the Dungeon)
 u - a ring of protection from magic (left hand)
   (You found it on level 4 of the Dungeon)
 A - a +3 ring of intelligence {unknown}
   (You found it on level 7 of the Dungeon)
Wands
 r - a wand of iceblast (7)
   (You found it on level 5 of the Dungeon)
Scrolls
 e - 2 scrolls of enchant weapon
 j - 4 scrolls of remove curse
 k - 4 scrolls of teleportation
 q - a scroll of vulnerability
 t - 2 scrolls of magic mapping
 w - 2 scrolls of identify
 y - a scroll of amnesia
Potions
 i - a potion of haste
 m - 2 potions of cancellation
 o - 2 potions of curing
 p - a potion of might
 v - a potion of ambrosia
Comestibles
 f - 6 rations


   Skills:
 - Level 8.0(7.6) Fighting
   Level 1.5(1.2) Short Blades
 + Level 10.4(10.0) Maces & Flails
 - Level 3.6(3.2) Crossbows
 - Level 1.5(1.2) Dodging
 - Level 5.8(5.5) Stealth
 - Level 2.4(2.1) Shields


You had 9 spell levels left.
You didn't know any spells.
Your spell library contained the following spells:

 Spells                   Type           Power        Failure   Level  Hunger
 Beastly Appendage        Tmut           #.....       54%         1    ##.....
 Sticks to Snakes         Tmut           #.......     69%         2    ###....
 Spider Form              Tmut/Pois      #.........   89%         3    ####...
 Ice Form                 Ice/Tmut       #.......     100%        4    #####..
 Blade Hands              Tmut           #.........   100%        5    ######.


Dungeon Overview and Level Annotations

Branches:
Dungeon (7/15)             Temple (0/1) D:4

Altars:
Ashenzari
Dithmenos
Gozag
Kikubaaqudgha
Okawaru
Ru
Sif Muna
Trog
The Shining One

Shops:
D:5 =

Annotations:
D:6 1 runed door


Innate Abilities, Weirdness & Mutations

You cannot wear boots.
Your serpentine skin is tough. (AC +3)
You have supernaturally acute eyesight. (SInv)
Armour fits poorly on your strangely shaped body.
Your system is resistant to poisons. (rPois)
You cover ground very slowly.
You have a slow metabolism.
You can spit poison.


Message History

The orc warrior is moderately wounded.
The orc warrior looks more healthy.
The orc wizard casts a spell.
The orc wizard flickers and vanishes for a moment.
The orc warrior hits you from afar with a +2 trident of freezing!
The orc warrior freezes you.
Unknown command.
You sense an unholy aura.
b - a +2 flail of draining (weapon)
Unknown command.
The orc wizard shouts!
The orc wizard looks encouraged for a moment.
Unknown command.
You closely miss the orc warrior.
The orc warrior is heavily wounded.
The orc warrior hits you but does no damage.
The orc wizard mumbles some strange words.
The orc wizard seems to speed up.
Unknown command.
You hit the orc warrior.
The orc warrior is heavily wounded.
The orc hits you but does no damage.
The orc warrior hits you with a +2 trident of freezing!!
* * * LOW HITPOINT WARNING * * *
The orc warrior freezes you.
* * * LOW HITPOINT WARNING * * *
The orc wizard casts a spell.
The orc wizard blinks!
Press: ? - help, Shift-Dir - straight line, f/p - orc warrior
Aim: an orc warrior, wielding a +2 trident of freezing and wearing a +0 plate armour (heavily wounded)
The splash of poison hits the orc warrior.
The orc warrior appears unharmed.
The orc warrior is heavily wounded.
You feel slightly more hungry.
The orc warrior hits you with a +2 trident of freezing!
* * * LOW HITPOINT WARNING * * *
The orc warrior freezes you.
* * * LOW HITPOINT WARNING * * *
Unknown command.
You feel agile all of a sudden.
The orc warrior hits you with a +2 trident of freezing!
* * * LOW HITPOINT WARNING * * *
The orc warrior freezes you.
* * * LOW HITPOINT WARNING * * *
You feel better.
The orc wizard hits you but does no damage.
You feel drained.
The orc warrior hits you with a +2 trident of freezing!
You die...
Your body crumbles into a pile of gold.

........#.. ##...## #
........#...##.....##.#
..>.....#...#.......#.#
........#......._.....#
$..o...#...#.......#.#
.oo.#.# ##.....#########
##+####o##.#####...###.......
#..........#...##.##.#.......
+.......o.o#@..(.....#.......
#........oooo........#.......
#.........o#.........#.....[.
########[..##.####[..#...)...
##+###.####.[.#.......
..'.....)[.......
...#.....)#.......
....#......#.......
.....#......#[[.....


You could see an orc warrior, 3 orc wizards and an orc.

Vanquished Creatures
  Pikel (D:4)
  Grinder (D:4)
  2 hippogriffs (D:7)
  Sigmund (D:5)
  Edmund (D:6)
  Duvessa (D:7)
  2 orc warriors (D:7)
  2 black bears (D:6)
  A slave (D:4)
  3 ogres
  3 bullfrogs
  Dowan (D:7)
  2 scorpions
  3 wights (D:7)
  2 electric eels (D:6)
  2 crimson imps
  2 howler monkeys
  2 bullfrog skeletons (D:5)
  An orc priest (D:4)
  A centaur skeleton (D:4)
  5 hounds
  An iguana (D:4)
  6 worker ants
  2 orc wizards
  A hound skeleton (D:6)
  12 gnolls
  5 adders
  A shadow imp (D:5)
  2 adder skeletons
  4 worms
  2 dart slugs (D:1)
  10 leopard geckos
  25 orcs
  8 giant cockroaches
  7 goblins
  6 hobgoblins
  14 jackals
  5 quokkas
  7 bats
  8 frilled lizards
  8 kobolds
  A leopard gecko skeleton (D:6)
  A quokka skeleton (D:5)
  4 rats (D:1)
179 creatures vanquished.

Notes
Turn   | Place    | Note
-------+----------+-------------------------------------------
     0 | D:1      | Flugkiller the Naga Hunter began the quest for the Orb.
     0 | D:1      | Reached XP level 1. HP: 19/19 MP: 1/1
    43 | D:1      | Reached XP level 2. HP: 21/26 MP: 2/2
   394 | D:1      | Reached XP level 3. HP: 29/32 MP: 3/3
   509 | D:1      | Reached skill level 5 in Stealth
  1577 | D:2      | Reached skill level 1 in Short Blades
  1577 | D:2      | Reached XP level 4. HP: 23/40 MP: 4/4
  2362 | D:2      | Found an opulent altar of Gozag.
  2365 | D:2      | Became a worshipper of Gozag Ym Sagoz the Greedy
  2493 | D:2      | Reached XP level 5. HP: 40/48 MP: 5/5
  2527 | D:2      | Found an iron altar of Okawaru.
  2610 | D:2      | Found a faded altar of an unknown god.
  2917 | D:3      | Found a sacrificial altar of Ru.
  3125 | D:3      | Found an ancient bone altar of Kikubaaqudgha.
  3148 | D:3      | Found a deep blue altar of Sif Muna.
  3192 | D:3      | Reached skill level 1 in Maces & Flails
  3431 | D:3      | Reached skill level 2 in Maces & Flails
  3856 | D:3      | Reached XP level 6. HP: 53/56 MP: 6/6
  3978 | D:4      | Got a crude ring mail
  4005 | D:4      | Identified the +1 ring mail of Analysis {rC+ Dex+2} (You
                  | found it on level 4 of the Dungeon)
  4050 | D:4      | Found a staircase to the Ecumenical Temple.
  4204 | D:4      | Reached skill level 3 in Maces & Flails
  4350 | D:4      | Noticed a slave
  4350 | D:4      | Noticed a slave
  4351 | D:4      | Noticed Pikel
  4360 | D:4      | Killed a slave
  4364 | D:4      | Noticed a slave
  4366 | D:4      | Noticed a slave
  4386 | D:4      | Killed Pikel
  4386 | D:4      | Reached skill level 5 in Maces & Flails
  4386 | D:4      | Reached XP level 7. HP: 67/69 MP: 7/7
  4386 | D:4      | Reached XP level 8. HP: 73/76 MP: 8/8
  4755 | D:5      | Entered Level 5 of the Dungeon
  4972 | D:5      | Noticed Sigmund
  5056 | D:5      | Noticed Grinder
  5063 | D:5      | Paralysed by Grinder for 6 turns
  5102 | D:4      | Killed Grinder
  5102 | D:4      | Reached skill level 6 in Maces & Flails
  5295 | D:5      | Killed Sigmund
  5469 | D:4      | Reached skill level 7 in Maces & Flails
  5568 | D:5      | Reached XP level 9. HP: 88/88 MP: 9/9
  5695 | D:5      | Found Ujum's Jewellery Shop.
  6126 | D:6      | Found a shadowy altar of Dithmenos.
  6424 | D:6      | Reached skill level 1 in Shields
  6441 | D:6      | Noticed Edmund
  6454 | D:6      | Killed Edmund
  6480 | D:6      | Found a shattered altar of Ashenzari.
  6856 | D:6      | Reached skill level 8 in Maces & Flails
  6970 | D:6      | Found a runed door.
  7108 | D:6      | Found a bloodstained altar of Trog.
  7416 | D:7      | Reached skill level 9 in Maces & Flails
  7454 | D:7      | Found a glowing golden altar of the Shining One.
  7454 | D:7      | Noticed Duvessa
  7456 | D:7      | Noticed Dowan
  7467 | D:7      | Killed Duvessa
  7472 | D:7      | Killed Dowan
  7573 | D:7      | Reached skill level 10 in Maces & Flails
  7573 | D:7      | Reached XP level 10. HP: 45/96 MP: 10/10
  7885 | D:7      | Slain by an orc warrior

Vault maps used:
D:1:      ebering_trefoil_twist, minmay_worlds_worst_comb
D:2:      okawaru_gym_becter, marbit_many_paths,
          chequers_ecumenical_altar_island
D:3:      lemuel_crystal_altar, lemuel_round_altar, kiku_gazebo_garden_becter,
          minmay_ruptured
D:4:      temple_fountains, first_ration, nrook_mini_vaults, uniq_pikel
D:5:      serial_shops, shop, uniq_grinder, uniq_sigmund
D:6:      cheibrodos_ashenzari_chains, kennysheep_little_box,
          trog_ov_bears_minmay, minmay_misc_feat_enclosed, columned_hall_lemuel,
          serial_bayou_ford_a, uniq_edmund, uniq_crazy_yiuf_cottage
D:7:      nicolae_overflow_hidden_temple, lemuel_round_altar, uniq_duvessa

Skill      XL: |  1  2  3  4  5  6  7  8  9 |
---------------+----------------------------+-----
Stealth        | 3 4 5 |  5.8
Short Blades   | 1 |  1.5
Fighting       | 3 6 7 8 |  8.0
Maces & Flails | 2 5 7 10 | 10.4
Shields        | 2 |  2.4
Crossbows      | |  3.6
Dodging        | |  1.5

Action                   |  1- 3 |  4- 6 |  7- 9 | 10-12 || total
-------------------------+-------+-------+-------+-------++-------
Melee: Short sword       |    45 |    21 |       |       ||    66
       Whip              |       |   199 |   147 |       ||   346
       Flail             |       |       |    76 |    23 ||    99
 Fire: Hand crossbow     |    48 |    11 |    20 |     4 ||    83
 Abil: Spit Poison       |    20 |    13 |    25 |     3 ||    61
       Evoke Berserk Rag |       |     1 |       |     1 ||     2
Evoke: Wand              |       |       |     2 |     4 ||     6
  Use: Scroll            |       |     8 |     5 |       ||    13
       Potion            |       |     3 |     1 |     2 ||     6
 Stab: Sleeping          |     1 |     1 |     1 |       ||     3
       Distracted        |       |     1 |     2 |       ||     3
  Eat: Chunk             |     1 |     3 |       |       ||     4
       Ration            |       |     2 |     3 |     1 ||     6
Armor: Leather armour    |    24 |    91 |       |       ||   115
       Ring mail         |       |    23 |   114 |    13 ||   150
       Skin              |       |       |     1 |       ||     1
Dodge: Dodged            |    37 |   126 |    99 |     4 ||   266
Block: Buckler           |       |     9 |    47 |     8 ||    64

Table legend:
 A = Non-vault XP
 B = Vault XP
 C = Vault XP percentage of total XP
 D = Non-vault monster count
 E = Vault monster count
 F = Vault count percentage of total count
                 A         B        C        D         E       F
            +---------+---------+-------+---------+---------+-------
      Total |    3214 |    1831 |  36.3 |     163 |      15 |   8.4
            +---------+---------+-------+---------+---------+-------
        D:1 |      70 |       8 |  10.3 |      31 |       4 |  11.4
        D:2 |      89 |      14 |  13.6 |      15 |       1 |   6.2
        D:3 |     140 |       3 |   2.1 |      35 |       2 |   5.4
        D:4 |     610 |     944 |  60.7 |      22 |       2 |   8.3
        D:5 |     490 |     238 |  32.7 |      14 |       1 |   6.7
        D:6 |     650 |     422 |  39.4 |      27 |       3 |  10.0
        D:7 |    1165 |     202 |  14.8 |      19 |       2 |   9.5
            +---------+---------+-------+---------+---------+-------
